 Dungeon Crawl Stone Soup version 0.18.1-48-g4cf74bf (webtiles) character file.

170018 juanjsm the Eclecticist (level 17, -4/88 HPs)
             Began as a Spriggan Enchanter on Aug 2, 2016.
             Was the Champion of Okawaru.
             Killed from afar by Nikola (35 damage)
             ... with a chain lightning
             ... on level 4 of the Shoals on Aug 7, 2016.
             The game lasted 04:11:41 (34756 turns).

juanjsm the Eclecticist (Spriggan Enchanter)       Turns: 34756, Time: 04:11:41

Health: -4/88      AC: 12    Str:  4    XL:     17   Next: 36%
Magic:  38/47      EV: 41    Int: 22    God:    Okawaru [******]
Gold:   1160       SH: 13    Dex: 27    Spells: 9 memorised, 20 levels left

rFire  . . .     SeeInvis +     R - +7 Spriggan's Knife {MR+ EV+4 Dex+4 Stlth+}
rCold  . . .     Gourm    .     b - +2 robe {Archmagi}
rNeg   . . .     Faith    .     l - +0 buckler
rPois  .         Spirit   .     (helmet restricted)
rElec  .         Dismiss  .     L - +0 cloak {+Inv}
rCorr  .         Reflect  +     (gloves unavailable)
SustAt +         Harm     .     (boots unavailable)
MR     +++..                    o - +3 amulet of reflection
Stlth  +++++++++.               z - ring of sustain attributes
                                A - +4 ring of intelligence

@: very slightly contaminated, very quick, extremely resistant to hostile
enchantments, incredibly stealthy
A: unfitting armour, repulsion field 1, rough black scales 1, thin metallic
scales 1, see invisible, agile 1, blink, herbivore 3, speed 3, high mp 2, shaggy
fur 1, slow metabolism 2
a: Blink, Heroism, Finesse, Renounce Religion, Evoke Invisibility


You were on level 4 of the Shoals.
You worshipped Okawaru.
Okawaru was exalted by your worship.
You were not hungry.

You visited 5 branches of the dungeon, and saw 30 of its levels.
You also visited: Labyrinth, Bailey, Ice Cave and Volcano.

You collected 2844 gold pieces.
You spent 1684 gold pieces at shops.

Inventory:

Hand Weapons
 N - the +1 rapier of Guile {freeze, Dex+3}
   (Okawaru gifted it to you on level 2 of the Shoals)

   It has been specially enchanted to freeze those struck by it, causing extra
   injury to most foes and up to half again as much damage against particularly
   susceptible opponents.
   It can also slow down cold-blooded creatures.
   It affects your dexterity (+3).
 R - the +7 Spriggan's Knife (weapon) {MR+ EV+4 Dex+4 Stlth+}
   (Okawaru gifted it to you on level 6 of the Lair of Beasts)

   It affects your evasion (+4).
   It affects your dexterity (+4).
   It affects your resistance to hostile enchantments.
   It makes you more stealthy.
Armour
 b - a +2 robe of the Archmagi (worn)
 l - a +0 buckler (worn)
 L - a +0 cloak of invisibility (worn)
 Y - a +2 robe of magic resistance
Magical Staves
 W - an uncursed staff of poison {unknown}
Rods
 j - a +2 rod of shadows (11/11)
   (You found it on level 4 of the Shoals)
Jewellery
 c - an uncursed amulet of dismissal
 o - a +3 amulet of reflection (around neck)
 z - a ring of sustain attributes (right hand)
 A - a +4 ring of intelligence (left hand)
 B - an uncursed amulet of regeneration
 I - an uncursed ring of resist corrosion
Wands
 q - a wand of digging (8/24)
 H - a wand of heal wounds (4/9)
 T - a wand of heal wounds (2/9)
Scrolls
 e - a scroll of identify
 g - 5 scrolls of fog
 n - 3 scrolls of blinking
 r - 9 scrolls of teleportation
 v - 2 scrolls of amnesia
 w - a scroll of summoning {unknown}
 C - a scroll of remove curse
 E - 4 scrolls of immolation {unknown}
 M - a scroll of brand weapon {unknown}
 O - 3 scrolls of fear
 U - a scroll of torment {unknown}
Potions
 a - 5 potions of heal wounds
 h - 3 potions of haste
 i - 16 potions of curing
 k - a potion of flight
 m - 3 potions of resistance
 p - a potion of ambrosia
 s - 6 potions of brilliance
 t - 8 potions of agility
 x - 3 potions of cancellation
 D - 2 potions of magic
 J - a potion of cure mutation
 Q - 3 potions of lignification
 V - 4 potions of might
 X - a potion of invisibility
Books
 f - a book of Geomancy

   Spells                             Type                      Level
   a - Sandblast                      Earth                        1
   b - Passwall                       Transmutation/Earth          2
   c - Stone Arrow                    Conjuration/Earth            3
   d - Petrify                        Transmutation/Earth          4
   e - Lee's Rapid Deconstruction     Earth                        5
Miscellaneous
 u - a plain deck of defence {the Cloud}
 y - a phial of floods
 G - a phantom mirror
 K - an ornate deck of summoning {the Crusade}
 P - a lamp of fire
 S - a plain deck of summoning {the Rangers}
 Z - a plain deck of escape {Xom}
Comestibles
 d - 18 bread rations
 F - 60 fruits


   Skills:
 + Level 9.3 Fighting
 - Level 10.0 Short Blades
 + Level 14.2 Dodging
 * Level 15.2 Stealth
 - Level 7.3 Shields
 * Level 17.9 Spellcasting
 + Level 7.9 Conjurations
 + Level 11.6 Hexes
 - Level 5.6 Charms
 + Level 5.3 Air Magic
 + Level 4.4 Invocations
 - Level 10.0 Evocations


You had 20 spell levels left.
You knew the following spells:

 Your Spells              Type           Power        Failure   Level  Hunger
a - Corona                Hex            #######      1%          1    None
b - Ensorcelled Hibernat  Hex/Ice        ######       1%          2    None
c - Confuse               Hex            #######.     1%          3    None
d - Dazzling Spray        Conj/Hex       ######       1%          3    None
e - Regeneration          Chrm/Necr      #####.....   2%          3    None
f - Blink                 Tloc           N/A          6%          2    None
g - Invisibility          Hex            #######.     3%          6    ####...
h - Silence               Hex/Air        ######....   1%          5    #......
i - Deflect Missiles      Chrm/Air       ######....   54%         6    ####...


Dungeon Overview and Level Annotations

Branches:
Dungeon (15/15)            Temple (1/1) D:5            Lair (8/8) D:9
 Shoals (4/4) Lair:4       Spider (0/4) Lair:5        Slime (0/6) Lair:8
    Orc (2/2) D:12            Elf (0/3) Orc:2        Vaults (0/5) D:14
 Depths (0/5) D:15

Altars:
Ashenzari
Cheibriados
Dithmenos
Elyvilon
Fedhas
Gozag
Kikubaaqudgha
Makhleb
Nemelex Xobeh
Okawaru
Pakellas
Qazlal
Ru
Sif Muna
Trog
Vehumet
Xom
Yredelemnul
Zin
The Shining One
Beogh
Jiyva

Shops:
D:10 =   Orc:1 (   Orc:2 }!%:

Annotations:
Lair:5 exclusion: oklob plant
Shoals:4 Ilsuiw, Nikola


Innate Abilities, Weirdness & Mutations

You are tiny and cannot use many weapons and most armour.
You have supernaturally acute eyesight.
You are a herbivore.
You cover ground extremely quickly.
You need consume almost no food.
You are surrounded by a mild repulsion field (EV +2).
You are partially covered in rough black scales (AC +4, Dex -1).
You are partially covered in thin metallic scales (AC +2).
You are agile. (Dex +2)
You can translocate small distances at will.
You have a considerably increased reservoir of magic (+20% MP).
You are covered in fur (AC +1).


Message History

Mmm - a full handful of huckleberries!
Casting: Dazzling Spray
Confirm with . or Enter, or press ? or * to list all spells.
Aiming: Confuse
Press: ? - help, Shift-Dir - straight line, f - Nikola
Aim: Nikola, wielding a rapier of electrocution, wearing a cloak and wearing a pair of gloves (hasn't noticed you, chance to defeat MR: 9%)
You feel a surge of power!
Nikola shouts!
Nikola resists with almost no effort.
Casting: Confuse
Confirm with . or Enter, or press ? or * to list all spells.
Aiming: Corona
Press: ? - help, Shift-Dir - straight line, f/p - Nikola
Aim: Nikola, wielding a rapier of electrocution, wearing a cloak and wearing a pair of gloves (chance to defeat MR: 16%)
You feel a surge of power!
Nikola resists with almost no effort.
Nikola gestures wildly while chanting.
You hear a mighty clap of thunder!
The lightning arc hits you!
The lightning arc hits Nikola.
The lightning arc hits you!
You die...

≈**.......≈≈≈≈≈≈≈≈≈≈≈≈≈≈≈≈≈≈≈≈≈..
#**.......≈≈≈≈≈≈≈≈≈≈≈≈≈≈≈≈≈≈≈≈≈..
,*≈......≈≈≈≈.≈≈≈≈≈≈.≈≈≈≈≈≈≈≈≈≈≈.
***,,,...≈≈≈≈≈≈≈≈≈≈≈≈≈≈≈≈≈≈≈≈≈≈..
*,,,,,...≈≈≈≈≈≈≈≈≈≈≈≈≈≈≈≈≈≈≈≈≈###
*,,,,,...≈≈≈≈≈≈≈.≈≈≈≈≈≈≈≈≈≈≈≈≈#*#
,,,,,,...≈≈≈≈)≈≈≈≈≈≈≈≈≈≈≈≈≈≈≈##,≈
,,,,,,..≈≈≈≈≈≈≈≈≈(....≈≈≈≈≈≈≈#,,,
,,,,,,≈≈≈≈≈≈≈≈≈(@......≈≈≈≈..#*,*
,,≈≈≈≈≈≈≈≈≈≈≈≈≈≈≈≈.....≈≈≈≈.≈#,≈,
,≈≈≈≈≈≈≈≈≈≈≈≈≈≈≈≈≈....≈≈≈≈≈..**,*
,≈≈≈≈≈≈≈≈≈≈≈≈≈≈≈≈≈≈≈≈≈≈≈≈≈≈≈,*,,,
≈≈≈≈≈≈≈≈≈≈........≈≈≈≈≈≈≈≈≈,≈**,*
≈≈≈≈≈≈≈≈≈≈#≈#≈(..≈≈≈≈≈≈≈≈≈,,,,***
≈≈≈≈≈≈≈≈≈#≈≈≈#≈..≈≈@≈≈≈≈≈,,,,,≈**
≈≈≈≈P...#≈≈≈≈≈#..≈≈≈≈≈≈≈≈≈,,,,,,,
≈≈≈≈....≈≈≈≈≈≈≈..≈≈≈≈≈≈≈≈≈,,,,,,,


You could see Nikola.

Vanquished Creatures
  Saint Roka (Orc:2)
  Jorgrun (Shoals:2)
  Kirke (D:13)
  A fire giant (D:15)
  A frost giant (IceCv)
  Maud (D:10)
  The ghost of nikopol the Impaler, a journeyman MiBe of Trog (Lair:8)
  Nessos (Orc:2)
  The ghost of Ferkelamun the Grappler, a journeyman TrBe of Trog (Lair:4)
  A vault guard (D:14)
  A minotaur (Lab)
  4 merfolk javelineers
  3 merfolk impalers
  4 merfolk avatars
  A catoblepas (Lair:8)
  7 hydras
  Erica (D:8)
  2 merfolk aquamancers
  A death knight (D:13)
  Erolcha (D:10)
  9 death yaks
  4 centaur warriors
  2 satyrs (Shoals:4)
  A deep troll shaman (Lair:8)
  A queen ant (Lair:4)
  2 tengu warriors (D:14)
  4 orc high priests (Orc:2)
  A wizard (D:15)
  2 skeletal warriors (D:13)
  13 sea snakes
  3 unseen horrors
  5 hill giants
  Pikel (D:4)
  A lindwurm (Lair:8)
  9 orc knights
  5 cyclopes
  15 harpies
  A deep elf mage (D:14)
  7 fauns
  9 griffons
  6 orc sorcerers
  5 ugly things
  5 black mambas
  39 elephants
  8 manticores
  A centaur zombie (D:13)
  A molten gargoyle (Volcano)
  5 sirens
  2 gargoyles
  5 water nymphs
  11 spiny frogs
  3 kobold demonologists (D:15)
  4 rime drakes
  An efreet (D:15)
  3 tengu conjurers
  9 komodo dragons
  2 freezing wraiths
  35 merfolk
  4 jumping spiders (Lair:5)
  4 trolls
  15 polar bears
  26 blink frogs
  A harpy skeleton (D:10)
  2 wind drakes
  Prince Ribbit (D:8)
  6 two-headed ogres
  A minotaur skeleton (Lab)
  5 snapping turtles
  8 water elementals
  2 wraiths
  5 wyverns
  A redback (Lair:5)
  A hog (D:13)
  A yak (shapeshifter) (D:15)
  Grum (D:8)
  58 yaks
  15 hippogriffs
  2 basilisks
  A steam dragon (Lair:7)
  3 hungry ghosts
  Eustachio (D:4)
  A hippogriff (shapeshifter) (D:14)
  2 mottled dragons
  5 wargs
  14 soldier ants (Lair:4)
  10 water moccasins
  9 porcupines
  2 slaves (D:4)
  3 ice beasts
  A swamp drake (Lair:7)
  3 black bears
  5 phantoms
  15 ogres
  56 orc warriors
  A wasp (D:7)
  2 sky beasts
  29 wolves
  11 centaurs
  16 crocodiles
  3 big kobolds
  21 giant frogs
  A gnoll sergeant (D:9)
  8 killer bees
  5 scorpions
  3 electric eels (Lair:7)
  5 howler monkeys
  3 giant frog zombies
  7 crimson imps
  A quasit (D:12)
  3 centaur skeletons
  32 orc priests
  3 hounds
  4 jellies
  20 orc wizards
  Jessica (D:3)
  10 iguanas
  23 worker ants
  6 sheep (Lair:5)
  2 hound zombies
  2 hound skeletons
  2 worker ant zombies (D:5)
  7 gnolls
  38 river rats
  12 adders
  2 shadow imps
  12 white imps (D:12)
  2 adder skeletons
  2 worms
  2 dart slugs
  4 giant geckos
  110 orcs
  5 ball pythons
  3 bat zombies (D:3)
  5 giant cockroaches
  9 goblins
  8 hobgoblins
  5 jackals
  8 kobolds
  3 quokkas
  12 bats
  A giant gecko zombie (D:7)
  4 giant newts
  A quokka skeleton (D:8)
  14 rats
  A rat zombie (D:3)
1059 creatures vanquished.

Vanquished Creatures (others)
  2 polar bears (IceCv)
  A water elemental (Shoals:2)
  An orc warrior (Orc:2)
  A ball lightning (Shoals:3)
  A giant gecko (D:4)
  2 orcs
  27 fungi
  22 plants
57 creatures vanquished.

Grand Total: 1116 creatures vanquished

Notes
Turn   | Place    | Note
--------------------------------------------------------------
     0 | D:1      | juanjsm the Spriggan Enchanter began the quest for the Orb.
     0 | D:1      | Reached XP level 1. HP: 9/9 MP: 5/5
   296 | D:1      | Reached XP level 2. HP: 12/13 MP: 4/6
   300 | D:1      | Learned a level 2 spell: Ensorcelled Hibernation
   859 | D:2      | Reached skill level 1 in Fighting
   859 | D:2      | Reached skill level 3 in Spellcasting
   859 | D:2      | Reached XP level 3. HP: 18/18 MP: 0/8
  1065 | D:2      | Found an opulent altar of Gozag.
  1266 | D:2      | Reached XP level 4. HP: 22/22 MP: 9/9
  1754 | D:3      | Noticed Jessica
  1764 | D:2      | Learned a level 3 spell: Confuse
  1768 | D:2      | Learned a level 3 spell: Dazzling Spray
  2136 | D:3      | Reached skill level 4 in Spellcasting
  2192 | D:3      | Killed Jessica
  2192 | D:3      | Reached skill level 5 in Stealth
  2243 | D:3      | Reached XP level 5. HP: 25/25 MP: 6/12
  2332 | D:3      | Found an ancient bone altar of Kikubaaqudgha.
  2772 | D:3      | Reached XP level 6. HP: 8/30 MP: 0/14
  3192 | D:4      | Noticed Pikel
  3195 | D:4      | Noticed a slave
  3294 | D:4      | Noticed a slave
  3295 | D:4      | Killed a slave
  3296 | D:4      | Noticed a slave
  3299 | D:4      | Killed a slave
  3355 | D:4      | Noticed a slave
  3501 | D:4      | Noticed Eustachio
  3784 | D:4      | Reached skill level 5 in Dodging
  3814 | D:4      | Found an oddly glowing altar of Pakellas.
  4130 | D:4      | Reached skill level 5 in Spellcasting
  4182 | D:4      | Killed Pikel
  4182 | D:4      | Reached skill level 6 in Spellcasting
  4182 | D:4      | Reached skill level 5 in Hexes
  4182 | D:4      | Reached XP level 7. HP: 34/35 MP: 9/17
  4217 | D:4      | Killed Eustachio
  4217 | D:4      | Reached XP level 8. HP: 39/39 MP: 9/18
  4255 | D:5      | Entered Level 5 of the Dungeon
  4367 | D:5      | Found a staircase to the Ecumenical Temple.
  4372 | Temple   | Entered the Ecumenical Temple
  4422 | Temple   | Became a worshipper of Warmaster Okawaru
  5159 | D:6      | Reached skill level 7 in Spellcasting
  5241 | D:6      | Reached * piety under Okawaru
  5441 | D:6      | Found a white marble altar of Elyvilon.
  5441 | D:6      | Found a stormy altar of Qazlal.
  5442 | D:6      | Found a shadowy altar of Dithmenos.
  5834 | D:7      | Reached XP level 9. HP: 44/44 MP: 19/21
  5843 | D:7      | Reached skill level 8 in Spellcasting
  5902 | D:7      | Reached ** piety under Okawaru
  6265 | D:7      | Found a bloodstained altar of Trog.
  6300 | D:7      | Learned a level 3 spell: Regeneration
  6428 | D:8      | Reached skill level 5 in Short Blades
  6440 | D:8      | Reached skill level 1 in Evocations
  6494 | D:8      | Noticed Erica
  6503 | D:8      | Killed Erica
  6503 | D:8      | Reached *** piety under Okawaru
  6503 | D:8      | Reached skill level 9 in Spellcasting
  6503 | D:8      | Reached skill level 1 in Conjurations
  6544 | D:8      | Noticed Prince Ribbit
  6670 | D:8      | Killed Prince Ribbit
  6670 | D:8      | Reached XP level 10. HP: 9/50 MP: 2/24
  6674 | D:8      | Learned a level 2 spell: Blink
  7206 | D:8      | Noticed Grum
  7219 | D:8      | Reached **** piety under Okawaru
  7266 | D:8      | Killed Grum
  7838 | D:9      | Learned a level 6 spell: Invisibility
  7952 | D:9      | Found a shimmering altar of Xom.
  7954 | D:9      | Found a shimmering altar of Xom.
  7954 | D:9      | Found a shimmering altar of Xom.
  7954 | D:9      | Found a shimmering altar of Xom.
  7955 | D:9      | Found a shimmering altar of Xom.
  8541 | D:9      | Found a staircase to the Lair.
  8666 | Lair:1   | Entered Level 1 of the Lair of Beasts
  8666 | Lair:1   | Found a dark tunnel.
  8682 | Lair:1   | Reached skill level 10 in Spellcasting
  8773 | Lair:2   | Gained mutation: You have an increased reservoir of magic (+10% MP). [potion of mutation]
  8773 | Lair:2   | Gained mutation: You are surrounded by a mild repulsion field (EV +2). [potion of mutation]
  8856 | Lair:1   | Reached ***** piety under Okawaru
  8872 | Volcano  | Entered a volcano
  8890 | Volcano  | Noticed a gargoyle
  8915 | Volcano  | Noticed a molten gargoyle
  8925 | Volcano  | Killed a molten gargoyle
  8925 | Volcano  | Reached skill level 10 in Stealth
  8988 | Volcano  | Killed a gargoyle
  9283 | Lair:1   | Noticed a six-headed hydra
  9287 | Lair:1   | Killed a six-headed hydra
  9287 | Lair:1   | Reached XP level 11. HP: 54/54 MP: 16/29
 10110 | Lair:2   | Reached skill level 5 in Fighting
 10116 | Lair:2   | Reached skill level 11 in Spellcasting
 10504 | Lair:2   | Received a gift from Okawaru
 10712 | Lair:3   | Reached ****** piety under Okawaru
 10790 | Lair:3   | Reached skill level 10 in Dodging
 10890 | Lair:3   | Noticed an eight-headed hydra
 10906 | Lair:3   | Killed an eight-headed hydra
 10942 | Lair:3   | Reached skill level 1 in Shields
 11093 | Lair:3   | Received a gift from Okawaru
 11437 | Lair:1   | Got a smoking rapier
 11476 | Lair:2   | Identified the cursed +1 rapier of the Imperium {venom, rF+ MR+} (You found it on level 1 of the Lair of Beasts)
 11553 | Lair:4   | Noticed a griffon
 11560 | Lair:4   | Killed a griffon
 11676 | Lair:4   | Noticed Ferkelamun's ghost (journeyman TrBe)
 11691 | Lair:4   | Reached skill level 5 in Evocations
 11748 | Lair:4   | Reached XP level 12. HP: 50/60 MP: 26/31
 11761 | Lair:4   | Found a staircase to the Shoals.
 11785 | Lair:4   | Noticed a four-headed hydra
 11790 | Lair:4   | Killed a four-headed hydra
 11843 | Lair:4   | Reached skill level 12 in Spellcasting
 11991 | Lair:4   | Found a labyrinth entrance.
 12055 | Lab      | Entered a labyrinth
 12469 | Lab      | Noticed a minotaur
 12475 | Lab      | Killed a minotaur
 12610 | Lair:4   | Noticed a queen ant
 12678 | Lair:4   | Killed a queen ant
 12678 | Lair:4   | Received a gift from Okawaru
 12938 | Lair:4   | Killed Ferkelamun's ghost
 13778 | Lair:5   | Found a hole to the Spider Nest.
 13828 | Lair:5   | Received a gift from Okawaru
 13951 | Lair:5   | Reached skill level 13 in Spellcasting
 13951 | Lair:5   | Reached XP level 13. HP: 44/65 MP: 3/34
 14166 | Lair:5   | Reached skill level 10 in Hexes
 14238 | Lair:5   | Reached skill level 5 in Conjurations
 14694 | Lair:6   | Received a gift from Okawaru
 15738 | Lair:7   | Received a gift from Okawaru
 16714 | Lair:7   | Reached skill level 14 in Spellcasting
 16759 | Lair:7   | Reached XP level 14. HP: 54/72 MP: 26/36
 16822 | Lair:7   | Received a gift from Okawaru
 16958 | Lair:2   | Identified a +0 rod of ignition (13/13) (You found it in a labyrinth)
 17418 | Lair:7   | Received a gift from Okawaru
 17816 | Lair:8   | Entered Level 8 of the Lair of Beasts
 18111 | Lair:8   | Noticed nikopol's ghost (journeyman MiBe)
 18142 | Lair:8   | Killed nikopol's ghost
 18266 | Lair:8   | Gained mutation: You regenerate slowly when monsters are visible. [potion of mutation]
 18266 | Lair:8   | Gained mutation: You are partially covered in rough black scales (AC +4, Dex -1). [potion of mutation]
 18266 | Lair:8   | Lost mutation: You regenerate slowly when monsters are visible. [potion of mutation]
 18267 | Lair:8   | Gained mutation: Your mind is acute. (Int +2) [potion of mutation]
 18267 | Lair:8   | Gained mutation: You are partially covered in thin metallic scales (AC +2). [potion of mutation]
 18267 | Lair:8   | Gained mutation: You are agile. (Dex +2) [potion of mutation]
 18278 | Lair:8   | Found a staircase to the Slime Pits.
 18283 | Lair:8   | Found a viscous altar of Jiyva.
 19009 | Lair:8   | Received a gift from Okawaru
 19010 | Lair:8   | Got an ominously black robe {god gift}
 19021 | Lair:8   | Identified the +1 robe of Awe {rElec rN+ Int-5} (Okawaru gifted it to you on level 8 of the Lair of Beasts)
 19169 | Lair:8   | Got a jewelled shortbow
 19547 | D:10     | Entered Level 10 of the Dungeon
 19548 | D:10     | Noticed Erolcha
 19553 | D:10     | Killed Erolcha
 19674 | D:10     | Found Vacesm's Jewellery Boutique.
 19829 | D:10     | Found a flagged portal.
 19840 | Bailey   | Entered a bailey
 20136 | D:10     | Noticed Maud
 20143 | D:10     | Killed Maud
 20937 | D:12     | Got a brightly glowing flail
 20944 | D:12     | Found a staircase to the Orcish Mines.
 21056 | D:12     | Found a frozen archway.
 21109 | IceCv    | Entered an ice cave
 21121 | IceCv    | Reached XP level 15. HP: 76/76 MP: 12/38
 21528 | IceCv    | Reached skill level 15 in Spellcasting
 21590 | IceCv    | Reached skill level 5 in Shields
 21791 | IceCv    | Received a gift from Okawaru
 21868 | IceCv    | Noticed a frost giant
 22126 | IceCv    | Killed a frost giant
 22148 | IceCv    | Got a glittering pewter ring
 22449 | D:12     | Identified the ring of Zidetaiff {Ice -Tele rPois MP+9} (You found it in an ice cave)
 22521 | D:12     | Got a fabulously ornate robe
 22532 | D:12     | Identified the +0 robe "Duschays" {rN+ Str+2} (You found it on level 12 of the Dungeon)
 22559 | D:12     | Received a gift from Okawaru
 22635 | D:12     | Found a roughly hewn altar of Beogh.
 22926 | D:9      | You fall through a shaft!
 22981 | Orc:1    | Entered Level 1 of the Orcish Mines
 23012 | Orc:1    | Found Behasod's Antique Weapon Emporium.
 23152 | Orc:2    | Entered Level 2 of the Orcish Mines
 23152 | Orc:2    | Noticed Nessos
 23167 | Orc:2    | Killed Nessos
 23780 | Orc:2    | Found a roughly hewn altar of Beogh.
 23852 | Orc:2    | Reached skill level 10 in Short Blades
 23964 | Orc:2    | Found Nefett's Book Emporium.
 23967 | Orc:2    | Reached skill level 10 in Evocations
 23972 | Orc:2    | Bought a book of the Sky for 780 gold pieces
 23978 | Orc:2    | Learned a level 5 spell: Silence
 23986 | Orc:2    | Found Kadwel's Food Shoppe.
 24173 | Orc:2    | Reached skill level 1 in Charms
 24304 | Orc:2    | Received a gift from Okawaru
 24399 | Orc:2    | Found a staircase to the Elven Halls.
 24517 | Orc:2    | Reached skill level 1 in Air Magic
 24869 | Orc:2    | Found a roughly hewn altar of Beogh.
 24869 | Orc:2    | Noticed Saint Roka
 24912 | Orc:2    | Killed Saint Roka
 24912 | Orc:2    | Reached skill level 15 in Stealth
 25076 | Orc:2    | Found Cebed's Distillery.
 25174 | Orc:2    | Bought a potion of mutation for 42 gold pieces
 25174 | Orc:2    | Bought a potion of heal wounds for 85 gold pieces
 25174 | Orc:2    | Bought a potion of heal wounds for 85 gold pieces
 25174 | Orc:2    | Gained mutation: You can translocate small distances at will. [potion of mutation]
 25174 | Orc:2    | Lost mutation: Your mind is acute. (Int +2) [potion of mutation]
 25174 | Orc:2    | Gained mutation: Your body sometimes deteriorates upon taking damage. [potion of mutation]
 25194 | Orc:2    | Found Saloqie's Gadget Shoppe.
 25462 | Orc:2    | Learned a level 6 spell: Deflect Missiles
 25576 | D:10     | Bought the ring of Xuitauwne {*Contam rPois rN+ Int+2} for 417 gold pieces
 26040 | D:13     | Noticed Kirke
 26180 | D:13     | Reached skill level 16 in Spellcasting
 26386 | D:13     | Killed Kirke
 26880 | D:13     | Gained mutation: You are covered in fur (AC +1). [potion of mutation]
 26880 | D:13     | Gained mutation: You have a considerably increased reservoir of magic (+20% MP). [potion of mutation]
 27063 | D:14     | Reached XP level 16. HP: 81/81 MP: 44/44
 27065 | D:14     | Received a gift from Okawaru
 27066 | D:14     | Got a brightly glowing cloak {god gift}
 27078 | D:14     | Identified the +1 cloak of Crawling {rPois} (Okawaru gifted it to you on level 14 of the Dungeon)
 27143 | D:14     | Found a bloodstained altar of Trog.
 27675 | D:14     | Reached skill level 5 in Charms
 27831 | D:14     | Found a gate to the Vaults.
 28005 | D:15     | Entered Level 15 of the Dungeon
 28195 | D:15     | Found a staircase to the Depths.
 29242 | Shoals:1 | Entered Level 1 of the Shoals
 29768 | Shoals:1 | Reached skill level 1 in Invocations
 30020 | Shoals:2 | Lost mutation: Your body sometimes deteriorates upon taking damage. [potion of mutation]
 30444 | Shoals:2 | Received a gift from Okawaru
 30444 | Shoals:2 | Reached skill level 17 in Spellcasting
 30445 | Shoals:2 | Got a bloodstained rapier {god gift}
 30642 | Shoals:2 | Noticed Jorgrun
 31033 | Shoals:3 | Found Rilyux's Retail Resort.
 31218 | Shoals:3 | Bought a +3 amulet of reflection for 275 gold pieces
 31234 | Shoals:3 | Identified the +1 rapier of Guile {freeze, Dex+3} (Okawaru gifted it to you on level 2 of the Shoals)
 31327 | Shoals:2 | Killed Jorgrun
 31435 | Shoals:3 | Received a gift from Okawaru
 32067 | Shoals:3 | Reached XP level 17. HP: 85/87 MP: 40/47
 32492 | Shoals:4 | Entered Level 4 of the Shoals
 32495 | Shoals:4 | Noticed Ilsuiw
 33728 | Shoals:4 | Reached skill level 5 in Air Magic
 34559 | Shoals:4 | Noticed Nikola
 34756 | Shoals:4 | Killed from afar by Nikola

Skill      XL: |  1  2  3  4  5  6  7  8  9 10 11 12 13 14 15 16 17 |
---------------+----------------------------------------------------+-----
Fighting       | 1 2 3 4 5 6 7 8 9 |  9.3
Spellcasting   | 3 4 6 7 9 10 11 13 14 16 17 | 17.9
Hexes          | 4 5 6 7 8 9 10 11 | 11.6
Dodging        | 4 6 7 8 9 10 11 12 13 14 | 14.2
Short Blades   | 2 3 4 5 6 7 8 9 10 | 10.0
Stealth        | 5 6 8 9 10 11 12 13 14 15 | 15.2
Evocations     | 3 4 5 6 8 9 10 | 10.0
Conjurations   | 1 2 4 5 6 7 |  7.9
Shields        | 1 2 3 4 6 7 |  7.3
Charms         | 4 5 |  5.6
Air Magic      | 2 4 5 |  5.3
Invocations    | 3 4 |  4.4

Action                   |  1- 3 |  4- 6 |  7- 9 | 10-12 | 13-15 | 16-18 || total
-------------------------+-------+-------+-------+-------+-------+-------++-------
Melee: Dagger            |    58 |   110 |   158 |   325 |    24 |       ||   675
       Knife             |       |       |       |       |   929 |   480 ||  1409
 Cast: Corona            |     4 |       |       |       |       |     1 ||     5
       Ensorcelled Hiber |    16 |    50 |    45 |   211 |   448 |   161 ||   931
       Confuse           |       |    13 |    16 |    37 |   169 |    50 ||   285
       Dazzling Spray    |       |     4 |     4 |    12 |    41 |    28 ||    89
       Regeneration      |       |       |       |     1 |       |       ||     1
       Invisibility      |       |       |       |       |     1 |     6 ||     7
       Blink             |       |       |       |       |       |     1 ||     1
       Silence           |       |       |       |       |       |     1 ||     1
  Use: Potion            |       |     2 |     6 |     1 |     6 |     5 ||    20
       Scroll            |       |     1 |     1 |    10 |    16 |    10 ||    38
 Stab: Sleeping          |    26 |    35 |    42 |   163 |   315 |   115 ||   696
       Distracted        |     1 |       |     2 |     1 |    23 |     5 ||    32
       Confused          |       |     5 |    14 |    20 |    71 |    21 ||   131
       Invisible         |       |     4 |     1 |     8 |    47 |    44 ||   104
  Eat: Bread ration      |       |     1 |       |       |       |       ||     1
       Fruit             |       |       |     5 |     6 |     8 |     9 ||    28
       Pizza             |       |       |       |     1 |     3 |     1 ||     5
Armor: Robe              |     5 |    25 |    10 |    16 |    36 |    24 ||   116
Dodge: Dodged            |    27 |   188 |   124 |   286 |   979 |   430 ||  2034
Block: Buckler           |       |       |       |       |       |   128 ||   128
       Other             |       |       |       |       |       |     2 ||     2
       Reflection        |       |       |       |       |       |    10 ||    10
